 Dungeon Crawl Stone Soup version 0.17.1-1-g73c8601 (webtiles) character file.

11841 ImaNewbie the Cleaver (level 12, -18/87 (88) HPs)
             Began as a Formicid Fighter on Jan 5, 2016.
             Was an Elder of Qazlal.
             Demolished by a large slime creature (27 damage)
             ... on level 12 of the Dungeon.
             The game lasted 01:01:40 (12470 turns).

ImaNewbie the Cleaver (Formicid Fighter)           Turns: 12470, Time: 01:01:40

HP:   -18/87 (88)   AC: 13    Str: 26    XL:     12   Next: 12%
MP:   16/16         EV:  8    Int:  8    God:    Qazlal [****..]
Gold: 631           SH: 17    Dex: 10    Spells: 1 memorised, 9 levels left

rFire  + . .     SeeInvis +     a - +1 war axe
rCold  . . .     Clarity  .     P - +0 chain mail {rPois}
rNeg   . . .     SustAt   +     c - +0 shield
rPois  +         Gourm    .     (helmet unavailable)
rElec  .         Spirit   .     (no cloak)
rCorr  .         Warding  .     (no gloves)
rMut   .         Stasis   +     u - +0 pair of boots
MR     +....                    (no amulet)
Stlth  ..........               l - ring of sustain attributes
                                K - ring of protection from fire

@: repel missiles, somewhat resistant to hostile enchantments, extremely
unstealthy
A: permanent stasis, dig shafts and tunnels, four strong arms, antennae 3
a: Dig, Shaft Self, Upheaval, Elemental Force, Renounce Religion


You were on level 12 of the Dungeon.
You worshipped Qazlal.
Qazlal was greatly pleased with you.
You were not hungry.

You visited 3 branches of the dungeon, and saw 14 of its levels.
You also visited: Sewer.

You collected 631 gold pieces.

Inventory:

Hand Weapons
 a - a +1 war axe (weapon)
 b - a +0 blowgun
 J - a +3 hand axe
Missiles
 t - 7 curare-tipped needles
 F - 66 poisoned needles
Armour
 c - a +0 shield (worn)
 u - a +0 pair of boots (worn)
 G - a +0 scale mail
 P - a +0 chain mail of poison resistance (worn)
Jewellery
 l - a ring of sustain attributes (right hand)
 x - an uncursed ring of poison resistance
 K - a ring of protection from fire (left hand)
 Q - an uncursed ring of fire
Wands
 f - a wand of draining (5)
 j - a wand of frost (27)
 p - a wand of flame (24)
 r - a wand of cold (8)
 y - a wand of lightning (6)
 z - a wand of magic darts (35)
 B - a wand of polymorph (10)
 C - a wand of lightning (9)
 H - a wand of random effects (19)
 N - a wand of slowing (10)
Scrolls
 h - a scroll of remove curse
 n - a scroll of summoning {unknown}
 o - 2 scrolls of enchant weapon
 A - 2 scrolls of identify
 D - 2 scrolls of immolation
 S - a scroll of fear
Potions
 d - 4 potions of might
 g - 3 potions of flight
 m - a potion of heal wounds
 v - 2 potions of brilliance
 w - a potion of lignification
 E - a potion of cancellation
 I - 2 potions of curing
 L - a potion of resistance
 O - a potion of mutation
Books
 M - a book of Dreams

   Spells                             Type                      Level
   a - Ensorcelled Hibernation        Hexes/Ice                    2
   b - Phase Shift                    Translocation                5
   c - Shadow Creatures               Summoning                    5
   d - Silence                        Hexes/Air                    5
   e - Darkness                       Hexes                        6
   f - Mass Confusion                 Hexes                        6
 R - an Akashic Record

   Spells                             Type                      Level
   a - Dispersal                      Translocation                6
   b - Malign Gateway                 Summoning/Translocation      7
   c - Disjunction                    Translocation                8
   d - Controlled Blink               Translocation                8
Comestibles
 e - 2 bread rations
 i - 5 beef jerkies
 k - 3 slices of pizza
 q - 4 meat rations
 s - 12 royal jellies
 T - 2 chunks of flesh


   Skills:
 + Level 6.3 Fighting
 + Level 13.1 Axes
 + Level 9.9 Armour
 - Level 9.0 Shields
 + Level 5.8 Invocations


You had 9 spell levels left.
You knew the following spells:

 Your Spells              Type           Power        Failure   Level  Hunger
a - Ensorcelled Hibernat  Hex/Ice        #.....       100%        2    ###....


Dungeon Overview and Level Annotations

Branches:
Dungeon (12/15)            Temple (1/1) D:6            Lair (1/8) D:11
    Orc: D:9-12

Altars:
Ashenzari
Cheibriados
Dithmenos
Elyvilon
Fedhas
Gozag
Kikubaaqudgha
Makhleb
Nemelex Xobeh
Okawaru
Qazlal
Ru
Sif Muna
Trog
Vehumet
Xom
Yredelemnul
Zin
The Shining One

Shops:
D:12 [

Annotations:
D:6 exclusion: 2 downstairs
D:10 exclusion: downstairs


Innate Abilities, Weirdness & Mutations

You are under a permanent stasis effect.
You can dig through walls and to a lower floor.
Your four strong arms can wield two-handed weapons with a shield.
You have a pair of large antennae on your head (SInv).


Message History

You hit the slime creature.
The slime creature is severely wounded.
You hit the large slime creature.
The large slime creature is heavily wounded.
You slash the slime creature!
The slime creature is severely wounded.
You block the slime creature's attack. The slime creature barely misses you.
The large slime creature hits you!!
You slash the slime creature!
The slime creature is almost dead.
You hit the slime creature.
The slime creature is severely wounded.
You slash the large slime creature!
The large slime creature is heavily wounded.
The slime creature hits you!
* * * LOW HITPOINT WARNING * * *
The slime creature hits you!
* * * LOW HITPOINT WARNING * * *
The large slime creature hits you!!
You die...

##### ..... ...# #..# {
{ #..# #§.# .
#..#############...
######..........JJ......
...............§@J§♣
...<..........§..♣.∩.♣
################## ♣..#
.#


You could see a large slime creature and 2 slime creatures.

Vanquished Creatures
  3 hill giants
  Pikel (D:5)
  2 unseen horrors (D:11)
  An ugly thing (D:11)
  A cyclops (D:11)
  An elephant (D:11)
  A centaur skeleton (D:10)
  A komodo dragon (Lair:1)
  A troll (D:11)
  A two-headed ogre (D:8)
  A slime creature (D:12)
  A shadow (D:11)
  A wraith (D:10)
  A yak (D:11)
  A wyvern (D:11)
  A deep elf mage (D:9)
  3 hippogriffs
  Menkaure (D:7)
  A water moccasin (D:11)
  A sky beast (D:9)
  2 slaves (D:5)
  An eye of draining (D:11)
  3 orc warriors
  5 ice beasts
  A wasp (D:11)
  A necrophage (D:7)
  2 phantoms
  4 black bears
  2 ogres
  2 crocodiles
  5 centaurs
  2 big kobolds
  A wyvern zombie (D:6)
  13 giant frogs
  6 scorpions
  5 wights (D:11)
  A centaur zombie (D:9)
  7 crimson imps
  4 orc priests
  9 jellies
  4 hounds
  Crazy Yiuf (D:5)
  An iguana (D:6)
  3 giant frog skeletons
  7 orc wizards
  6 worker ants
  A sheep (D:11)
  A killer bee zombie (D:9)
  A worker ant zombie (D:5)
  7 gnolls
  9 adders
  9 river rats
  3 shadow imps
  6 oozes
  2 adder skeletons (D:4)
  An adder zombie (D:8)
  28 orcs
  3 giant cockroaches
  4 hobgoblins
  20 jackals
  5 quokkas
  A ball python skeleton (D:4)
  8 bats
  8 giant geckos
  3 giant newts
  3 goblins
  18 kobolds
  A quokka skeleton (D:9)
  10 rats
275 creatures vanquished.

Vanquished Creatures (others)
  A jackal zombie (D:5)
1 creature vanquished.

Grand Total: 276 creatures vanquished

Notes
Turn   | Place    | Note
--------------------------------------------------------------
     0 | D:1      | ImaNewbie the Formicid Fighter began the quest for the Orb.
     0 | D:1      | Reached XP level 1. HP: 18/18 MP: 1/1
   295 | D:1      | Reached XP level 2. HP: 24/24 MP: 2/2
   819 | D:2      | Reached XP level 3. HP: 16/29 MP: 3/3
  1803 | D:3      | Reached XP level 4. HP: 27/35 MP: 4/4
  2070 | D:4      | Reached skill level 4 in Axes
  2155 | D:4      | Found an opulent altar of Gozag.
  2268 | D:4      | Noticed an ogre
  2273 | D:4      | Killed an ogre
  2273 | D:4      | Reached skill level 5 in Axes
  2273 | D:4      | Reached XP level 5. HP: 7/41 MP: 5/5
  2695 | D:4      | Reached XP level 6. HP: 45/47 MP: 6/6
  2843 | D:4      | HP: 2/47 [worker ant (4)]
  2846 | D:4      | Reached skill level 6 in Axes
  3105 | D:5      | Entered Level 5 of the Dungeon
  3126 | D:5      | Found a glowing golden altar of the Shining One.
  3787 | D:5      | Found an ancient bone altar of Kikubaaqudgha.
  3851 | D:5      | Reached skill level 7 in Axes
  3851 | D:5      | Reached XP level 7. HP: 48/52 MP: 7/7
  3937 | D:5      | Noticed a slave
  3938 | D:5      | Noticed a slave
  3957 | D:5      | Killed a slave
  3967 | D:5      | Killed a slave
  3988 | D:5      | Noticed Pikel
  4001 | D:5      | Noticed a slave
  4002 | D:5      | Noticed a slave
  4004 | D:5      | Killed Pikel
  4004 | D:5      | Reached skill level 9 in Axes
  4004 | D:5      | Reached XP level 8. HP: 41/58 MP: 8/8
  4448 | D:5      | Noticed Crazy Yiuf
  4456 | D:5      | Killed Crazy Yiuf
  4586 | D:6      | Found a shadowy altar of Dithmenos.
  4646 | D:6      | Found a glowing drain.
  4661 | Sewer    | Entered a sewer
  4748 | Sewer    | Reached skill level 10 in Axes
  5142 | D:6      | Found a basalt altar of Yredelemnul.
  5147 | D:6      | Found a glowing silver altar of Zin.
  5154 | D:6      | Found a sacrificial altar of Ru.
  5240 | D:6      | Reached XP level 9. HP: 45/64 MP: 9/9
  5616 | D:6      | Found a staircase to the Ecumenical Temple.
  5672 | Temple   | Entered the Ecumenical Temple
  5692 | Temple   | Became a worshipper of Qazlal Stormbringer
  6374 | D:7      | Noticed Menkaure
  6574 | D:7      | Reached skill level 5 in Shields
  6896 | D:7      | Killed Menkaure
  6896 | D:7      | Reached skill level 11 in Axes
  6896 | D:7      | Reached skill level 5 in Armour
  7639 | D:8      | Reached XP level 10. HP: 54/69 MP: 10/10
  7730 | D:8      | Reached * piety under Qazlal
  7946 | D:8      | Found an iron altar of Okawaru.
  8748 | D:9      | Found an opulent altar of Gozag.
  8759 | D:9      | Reached ** piety under Qazlal
  9263 | D:9      | Reached skill level 12 in Axes
  9729 | D:10     | Entered Level 10 of the Dungeon
  9927 | D:10     | Reached *** piety under Qazlal
 10062 | D:10     | Noticed a hill giant
 10212 | D:10     | Killed a hill giant
 10212 | D:10     | Reached XP level 11. HP: 53/74 MP: 11/11
 10218 | D:10     | Learned a level 2 spell: Ensorcelled Hibernation
 10259 | D:10     | Reached skill level 1 in Invocations
 10586 | D:11     | Noticed a cyclops
 10597 | D:11     | Killed a cyclops
 10652 | D:11     | Noticed a hill giant
 11158 | D:11     | Noticed a brown ugly thing
 11178 | D:11     | Killed a brown ugly thing
 11178 | D:11     | Reached skill level 5 in Fighting
 11240 | D:11     | Found a staircase to the Lair.
 11291 | D:11     | Noticed an unseen horror
 11618 | D:11     | Killed an unseen horror
 11693 | D:11     | Noticed a hill giant
 11718 | D:11     | Killed a hill giant
 11914 | D:11     | Noticed an unseen horror
 11936 | D:11     | Killed an unseen horror
 11936 | D:11     | Reached skill level 5 in Invocations
 12010 | D:11     | Killed a hill giant
 12010 | D:11     | Reached skill level 13 in Axes
 12010 | D:11     | Reached XP level 12. HP: 74/86 MP: 15/15
 12176 | D:11     | Reached **** piety under Qazlal
 12350 | Lair:1   | Entered Level 1 of the Lair of Beasts
 12448 | D:12     | Found Igicurev's Antique Armour Shoppe.
 12470 | D:12     | Demolished by a large slime creature

Action                   |  1- 3 |  4- 6 |  7- 9 | 10-12 || total
-------------------------+-------+-------+-------+-------++-------
Melee: War axe           |   114 |   127 |   139 |   540 ||   920
       Hand axe          |       |       |   134 |    30 ||   164
 Fire: Blowgun           |       |       |       |    32 ||    32
 Abil: Dig               |       |       |     2 |     2 ||     4
Evoke: Wand              |       |       |     4 |     2 ||     6
  Use: Scroll            |       |     5 |     7 |     6 ||    18
       Potion            |       |     1 |    11 |       ||    12
  Eat: Chunk             |     3 |     6 |    13 |    16 ||    38
